 Dungeon Crawl Stone Soup version 0.31.0-12-g77e489cdc1 (webtiles) character file.

Game seed: 15777181429447209635

2540 ChadusMaximus the Summoner (level 9, -5/57 HPs)
             Began as a Barachi Summoner on Mar 3, 2024.
             Succumbed to a hornet's poison
             ... on level 6 of the Dungeon.
             The game lasted 00:10:47 (6532 turns).

ChadusMaximus the Summoner (Barachi Summoner)       Turns: 6532, Time: 00:10:47

Health: -5/57      AC:  2    Str: 10    XL:     9   Next: 55%
Magic:  13/19      EV: 14    Int: 20    God:
Gold:   196        SH:  5    Dex: 12    Spells: 8/21 levels left

rFire   . . .        G - +3 morningstar (freeze)
rCold   . . .        (no shield)
rNeg    . . .        a - +0 robe
rPois   .            (no helmet)
rElec   .            (no cloak)
rCorr   .            (no gloves)
SInv    .            (no boots)
Will    .....        o - amulet of reflection
Stlth   ++           p - ring of flight
HPRegen 0.29/turn    (no ring)
MPRegen 0.16/turn

%: reflection
@: lethally poisoned (-5 -> -33), unable to hop, flying, hasted and slowed,
inugami summoned, slow
A: amphibious, slowness 1, strong legs 1, +LOS
a: Hop


You were on level 6 of the Dungeon.
You visited 1 branch of the dungeon, and saw 6 of its levels.
You also visited: Sewer.

You collected 344 gold pieces.
You spent 148 gold pieces at shops.

Inventory:

Hand Weapons
 c - a +0 dagger
 q - a +0 sling
 G - a +3 morningstar of freezing (weapon)
Armour
 a - a +0 robe (worn)
 E - a +0 chain mail
Jewellery
 o - an amulet of reflection (around neck)
 p - a ring of flight (left hand)
Wands
 m - a wand of roots (12)
 J - a wand of mindburst (12)
Scrolls
 d - a scroll of poison
 e - 3 scrolls of fear
 h - a scroll of vulnerability
 r - a scroll of butterflies {unknown}
 t - 3 scrolls of teleportation {unknown}
 y - a scroll of fog {unknown}
 z - a scroll of revelation {unknown}
 A - a scroll of blinking
 C - a scroll of brand weapon {unknown}
 D - 2 scrolls of enchant weapon {unknown}
 H - a scroll of noise {unknown}
 I - a scroll of identify
Potions
 b - a potion of magic
 f - a potion of ambrosia
 g - a potion of curing {unknown}
 j - 4 potions of might {unknown}
 k - a potion of berserk rage {unknown}
 l - a potion of invisibility {unknown}
 n - a potion of enlightenment {unknown}
 s - 2 potions of attraction {unknown}
 u - 2 potions of cancellation {unknown}
 v - 2 potions of resistance {unknown}
 w - 2 potions of mutation {unknown}
 x - a potion of brilliance {unknown}
 B - 2 potions of heal wounds {unknown}
 F - a potion of degeneration {unknown}


   Skills:
 + Level 7.2 Dodging
 - Level 1.7 Stealth
 + Level 6.7 Spellcasting
 * Level 11.7 Summonings


You had 8 spell levels left.
You knew the following spells:

 Your Spells              Type           Power      Damage    Failure   Level
a - Summon Small Mammal   Summ           100%       N/A       1%          1
b - Call Canine Familiar  Summ           52%        N/A       1%          3
c - Call Imp              Summ           100%       N/A       1%          2
d - Summon Lightning Spi  Summ/Air       30%        N/A       9%          4
e - Summon Ice Beast      Ice/Summ       30%        N/A       2%          3

Your spell library contained the following spells:

 Spells                   Type           Power      Damage    Failure   Level
 Summon Blazeheart Golem  Fire/Summ      30%        N/A       9%          4
 Summon Mana Viper        Hex/Summ       30%        N/A       24%         5
 Gell's Gravitas          Tloc           6%         N/A       28%         3
 Teleport Other           Tloc           6%         N/A       28%         3
 Monstrous Menagerie      Summ           26%        N/A       56%         7
 Dispersal                Tloc           3%         N/A       100%        6


Dungeon Overview and Level Annotations

Branches:
Dungeon (7/15)              Sewer (visited)
 Temple: D:4-7

Altars:
Dithmenos
Kikubaaqudgha
Makhleb
Okawaru
Uskayaw
Yredelemnul

Shops:
D:1 *   D:4 *!=:?

Annotations:
D:3 2 transporters, Menkaure, Natasha


Innate Abilities, Weirdness & Mutations

You are amphibious.
You cover ground slowly.
You can hop short distances.
You have an extended range of vision and can be seen from far away.


Message History

The hornet buzzes angrily.
A hornet is nearby!
The hornet barely misses you. The hornet stings you!
You feel yourself slow down.
A hornet is nearby!
You puncture the hornet! You freeze the hornet.
The hornet is heavily wounded.
You feel yourself speed up. The hornet closely misses you.
The hornet stings you!
You feel yourself slow down. The hornet misses you.
Hop to where?
Press: ? - help, Dir - move target Boing!
The hornet misses you.
Casting: Summon Ice Beast (dangerous; 2% risk of failure)
Confirm with . or Enter, or press ? or * to list all spells.
You call for your canine familiar and it appears with a howl!
You feel yourself speed up. The hornet closely misses you.
You block the hornet's attack. The hornet stings you!
You are poisoned.
You suddenly lose the ability to move!
You feel very sick. The hornet stings you.
You are more poisoned.
You feel yourself slow down.
Your inugami completely misses the hornet.
You can move again.
Casting: Call Canine Familiar (safe; 1% risk of failure)
Confirm with . or Enter, or press ? or * to list all spells.
A chill wind blows around you.
* * * LOW HITPOINT WARNING * * *
You feel extremely sick. The hornet stings you!
* * * LOW HITPOINT WARNING * * *
You are more poisoned.
You feel as though you will be slow longer.
The hornet misses you.
Your inugami barely misses the hornet.
Unknown command.
It was a potion of haste.
You feel yourself speed up.
You die...

#....).#.....#....<.......
#>####).).##.###....######
#.# ##.#.##.###....# #.#
#...........#.# #.#
###.##.######.# #.# #.##.#
#.# #.# #.##.######.## #.#
#.##.........#
#.#######@#########..#####
#.......yh....# #.......
##########Y##.# #.#.....
#.##.# #.#.###. #.##.#
#.#.#... #.##.#####.#.#.#.
#................
#########..###.## #......#


You could see a hornet (ally target), a friendly ice beast (summoned) and a
friendly inugami (summoned).

Vanquished Creatures
  Natasha (D:3)
  2 adders (D:3)
  2 dart slugs
  2 orcs
  6 ball pythons
  2 bats (D:1)
  5 endoplasms
  3 giant cockroaches (D:1)
  4 goblins
  A hobgoblin (D:1)
  2 jackals (D:1)
  2 kobolds (D:3)
  A quokka (D:3)
  7 frilled lizards
  A rat (D:1)
41 creatures vanquished.

Vanquished Creatures (collateral kills)
  Jeremiah (D:6)
  A hornet (D:7)
  Sigmund (D:2)
  An orc warrior (D:6)
  Pargi (Sewer)
  A sky beast (D:7)
  A black bear (D:6)
  3 ogres
  A centaur (D:6)
  A kobold brigand (D:7)
  A brain worm (Sewer)
  A bullfrog (D:6)
  A gnoll sergeant (D:7)
  2 scorpions (D:4)
  5 wights (D:6)
  2 howler monkeys
  A jelly (D:6)
  2 hounds (D:6)
  An iguana (D:7)
  Natasha (D:3)
  5 orc wizards
  5 gnolls (D:7)
  2 river rats (D:3)
  4 adders
  10 orcs
  A ball python (D:2)
  3 bats
  6 giant cockroaches
  A goblin (D:4)
  4 jackals (D:1)
  2 kobolds (D:2)
  3 rats
75 creatures vanquished.

Grand Total: 116 creatures vanquished

Notes
Turn   | Place    | Note
-------+----------+-------------------------------------------
     0 | D:1      | ChadusMaximus the Barachi Summoner began the quest for the
                  | Orb.
     0 | D:1      | Reached XP level 1. HP: 13/13 MP: 3/3
    35 | D:1      | Found Fasesamm's General Store.
   134 | D:1      | Reached skill level 5 in Summonings
   168 | D:1      | Reached XP level 2. HP: 18/19 MP: 5/5
   243 | D:1      | Found a faded altar of an unknown god.
   752 | D:1      | Reached XP level 3. HP: 21/24 MP: 3/6
   862 | D:1      | Learned a level 3 spell: Call Canine Familiar
   865 | D:1      | Learned a level 2 spell: Call Imp
   896 | D:2      | Noticed Sigmund
   903 | D:2      | Killed Sigmund
   904 | D:2      | Reached skill level 6 in Summonings
   904 | D:2      | Reached XP level 4. HP: 29/30 MP: 1/9
   904 | D:2      | Reached XP level 5. HP: 34/35 MP: 1/10
  1974 | D:3      | Found a transporter.
  1985 | D:3      | Noticed a phantom
  2062 | D:3      | Found a transporter.
  2290 | D:3      | Reached XP level 6. HP: 25/41 MP: 4/11
  2291 | D:3      | Reached skill level 7 in Summonings
  2298 | D:3      | Found a glowing drain.
  2314 | Sewer    | Entered a sewer
  2563 | Sewer    | Noticed Pargi
  2575 | Sewer    | Killed Pargi
  2711 | Sewer    | Reached XP level 7. HP: 46/46 MP: 13/13
  2890 | D:3      | Found a burning altar of Makhleb.
  2890 | D:3      | Noticed a cacodemon
  2980 | D:3      | Noticed Natasha
  2990 | D:3      | Killed Natasha
  3158 | D:3      | Noticed Natasha
  3166 | D:3      | Killed Natasha
  3264 | D:3      | Noticed Natasha
  3267 | D:3      | Found a basalt altar of Yredelemnul.
  3269 | D:3      | Noticed Menkaure
  3271 | D:3      | Found an ancient bone altar of Kikubaaqudgha.
  3470 | D:3      | Learned a level 4 spell: Summon Lightning Spire
  3488 | D:4      | Found Wosilaun's Distillery.
  3526 | D:4      | Found Catessuv's Jewellery Shoppe.
  3544 | D:4      | Reached skill level 8 in Summonings
  3719 | D:4      | Found Uter's General Store.
  3922 | D:4      | Found Qoakism's Book Shop.
  3947 | D:4      | Found Ivyn's Magic Scroll Boutique.
  3956 | D:4      | Bought a scroll of identify for 22 gold pieces
  3956 | D:4      | Bought a scroll of identify for 22 gold pieces
  3956 | D:4      | Bought a scroll of blinking for 82 gold pieces
  3956 | D:4      | Bought a scroll of identify for 22 gold pieces
  3959 | D:4      | Identified a scroll of acquirement
  3960 | D:4      | Acquired a book of Beasts
  3969 | D:4      | Learned a level 3 spell: Summon Ice Beast
  4027 | D:4      | You are sucked into a shaft and drop 3 floors!
  4051 | D:7      | Reached skill level 5 in Dodging
  4263 | D:7      | Reached XP level 8. HP: 52/52 MP: 7/15
  4358 | D:7      | Noticed a hornet
  4369 | D:7      | Paralysed by a hornet for 2 turns
  4394 | D:7      | Killed a hornet
  4395 | D:7      | Reached skill level 5 in Spellcasting
  4395 | D:7      | Reached skill level 9 in Summonings
  4724 | D:7      | Reached skill level 10 in Summonings
  5165 | D:6      | Reached XP level 9. HP: 43/57 MP: 7/17
  5234 | D:6      | Found an iron altar of Okawaru.
  5443 | D:6      | Reached skill level 11 in Summonings
  5779 | D:6      | Found a hide-covered altar of Uskayaw.
  5796 | D:6      | Found a shadowy altar of Dithmenos.
  5855 | D:6      | Noticed Jeremiah
  5936 | D:6      | Killed Jeremiah
  6524 | D:6      | Noticed a hornet
  6529 | D:6      | Paralysed by a hornet for 2 turns
  6532 | D:6      | Succumbed to a hornet's poison

Illustrated notes

Levels and vault maps discovered:
D:1:      onia_arrival_pyramid, layout_loops_ring, serial_shops,
          nicolae_shop_waterfront, hellmonk_ecumenical_altar_crossroads
D:2:      layout_basic, kennysheep_generic_room_7, uniq_sigmund
D:3:      kennysheep_big_flooded_room, layout_basic,
          gammafunk_temple_of_torment, makhleb_altar_promises_db,
          portal_sewer_entry_e, uniq_natasha
D:4:      layout_gridville, minmay_temple_entry_wispy, serial_shops,
          kennysheep_mini_moat, nicolae_shop_gaudy_bauble,
          nicolae_shop_industrial_runoff, shop, kennysheep_mini
D:6:      layout_loops_ring, okawaru_trees_1, grunt_dithmenos_smoke,
          nicolae_uskayaw_suspiria, dreamdust_princess_corridor, uniq_jeremiah
D:7:      layout_basic, dk_vineyard_1, st_stairs_13

Skill      XL: |  1  2  3  4  5  6  7  8  9 |
---------------+----------------------------+-----
Summonings     | 5 6 7 8 10 11 | 11.7
Dodging        | 3 4 5 6 7 |  7.2
Spellcasting   | 3 4 5 6 |  6.7
Stealth        | |  1.7

Action                     |  1- 3 |  4- 6 |  7- 9 || total
---------------------------+-------+-------+-------++-------
  Melee: Dagger            |    83 |    28 |       ||   111
         Punch             |     1 |       |       ||     1
         Morningstar       |       |       |     1 ||     1
   Fire: Sling             |       |    87 |    65 ||   152
   Cast: Summon Small Mamm |    12 |     6 |    14 ||    32
         Call Imp          |     2 |     6 |    15 ||    23
         Call Canine Famil |     1 |     9 |    26 ||    36
         Summon Ice Beast  |       |       |    25 ||    25
         Summon Lightning  |       |       |     7 ||     7
Ability: Hop               |     1 |     1 |     3 ||     5
    Use: Scroll            |       |       |     5 ||     5
         Potion            |       |       |     2 ||     2
   Stab: Sleeping          |     2 |       |       ||     2
 Armour: Robe              |    42 |    59 |    47 ||   148
  Dodge: Dodged            |    79 |    74 |    53 ||   206
  Block: Other             |       |    18 |    18 ||    36
         Reflection        |       |     2 |       ||     2
